 Dungeon Crawl Stone Soup version 0.26-a0-1038-gfb849e850a (webtiles) character file.

Game seed: 3011907574660022587

51 1994 the Firebug (level 3, -7/23 HPs)
             Began as an Octopode Fire Elementalist on Dec 11, 2020.
             Mangled by Sigmund
             ... wielding a +0 scythe
              (15 damage)
             ... on level 2 of the Dungeon.
             The game lasted 00:06:02 (2329 turns).

1994 the Firebug (Octopode Fire Elementalist)       Turns: 2329, Time: 00:06:03

Health: -7/23      AC:  1    Str:  7    XL:     3   Next: 83%
Magic:  3/6        EV: 13    Int: 18    God:
Gold:   64         SH:  0    Dex: 12    Spells: 2/6 levels left

rFire    . . .     SeeInvis .   a - +0 short sword
rCold    . . .     Faith    .   (no shield)
rNeg     . . .     Spirit   .   (helmet restricted)
rPois    .         Reflect  .   (no amulet)
rElec    .         Harm     .   (no ring)
rCorr    .         Rampage  .   (no ring)
Will     .....                  (no ring)
Stlth    ++........             (no ring)
HPRegen  0.07/turn              (no ring)
MPRegen  0.10/turn              (no ring)
                                (no ring)
                                (no ring)

@: confused
A: almost no armour, stealthy swim, amphibious, 8 rings, constrict 8, camouflage
1, gelatinous body 1
a: no special abilities


You were on level 2 of the Dungeon.
You visited 1 branch of the dungeon, and saw 2 of its levels.

You collected 64 gold pieces.

Inventory:

Hand Weapons
 a - a +0 short sword (weapon)
 j - a +0 hand axe
Missiles
 b - 47 stones (quivered)
 d - 13 sling bullets
 h - 5 atropa-tipped darts
Scrolls
 c - a scroll of enchant armour {unknown}
 e - a scroll of identify {unknown}
 i - a scroll of remove curse {unknown}
Potions
 f - a potion of resistance {unknown}
 g - a potion of attraction {unknown}


   Skills:
 + Level 1.0 Fighting
 - Level 2.0 Dodging
 - Level 2.6 Stealth
 + Level 2.4 Spellcasting
 * Level 2.1 Conjurations
 * Level 3.5 Fire Magic


You had 2 spell levels left.
You knew the following spells:

 Your Spells              Type           Power        Failure   Level
a - Foxfire               Conj/Fire      ##..         5%          1
b - Conjure Flame         Conj/Fire      ##......     16%         3

Your spell library contained the following spells:

 Spells                   Type           Power        Failure   Level
 Inner Flame              Hex/Fire       #.......     26%         3
 Sticky Flame             Conj/Fire      ##......     47%         4
 Fireball                 Conj/Fire      ##........   83%         5


Dungeon Overview and Level Annotations

Branches:
Dungeon (2/15)

Altars:

Annotations:
D:2 Sigmund


Innate Abilities, Weirdness & Mutations

You cannot wear most types of armour.
You are very stealthy in the water. (Stealth+)
You are amphibious.
You can wear up to eight rings at the same time.
You can use your tentacles to constrict eight enemies at once.
Your skin changes colour to match your surroundings (Stealth+).
Your rubbery body absorbs attacks. (AC +1, EV +1)


Message History

Unknown command.
Unknown command.
The foxfire hits Sigmund.
Sigmund is moderately wounded.
The foxfire hits Sigmund.
Sigmund is moderately wounded.
Sigmund hits you from afar with a +0 scythe!
Unknown command.
Unknown command.
Casting: Foxfire (safe; 5% risk of failure)
Confirm with . or Enter, or press ? or * to list all spells.
Okay, then.
Unknown command.
Sigmund points at you and mumbles some strange words.
You are confused.
In your confused state, you trip and fall back down the stairs.
Sigmund says, "Your kind have come here before.
I understand now why.
You desire death..."
Sigmund hits you from afar with a +0 scythe!
Ouch! That really hurt!
You die...

#.# #.####.# #.# #.#
#.# #######.######.##
#)#
......†........<###.#
#######.###...#.....#
#.......####..@.#####
###.###..P@#####.##
#.)....8.8...# #.#
#.#.###....#@# #.# #
#.#.# #.P..#v# #.#
#.#.#.#####.##.# #.#
###.#....###..##.#
#†#
.............###.#
#.# #####....##.##
#.# #.# ........###.#
#.# #.# #####.###
#>####.###.#
#.#####..........#


You could see Sigmund.

Vanquished Creatures
  An adder (D:2)
  An adder zombie (D:2)
  A worm (D:2)
  2 dart slugs (D:1)
  2 giant cockroaches (D:1)
  6 goblins
  2 hobgoblins
  3 bats (D:1)
  3 frilled lizards
  8 kobolds
  3 rats
32 creatures vanquished.

Vanquished Creatures (collateral kills)
  A foxfire (D:2)
1 creature vanquished.

Vanquished Creatures (others)
  92 foxfires
  3 withered plants (D:2)
95 creatures vanquished.

Grand Total: 128 creatures vanquished

Notes
Turn   | Place    | Note
-------+----------+-------------------------------------------
     0 | D:1      | 1994 the Octopode Fire Elementalist began the quest for the
                  | Orb.
     0 | D:1      | Reached XP level 1. HP: 11/11 MP: 3/3
   267 | D:1      | Reached XP level 2. HP: 17/17 MP: 1/5
  1069 | D:1      | Reached XP level 3. HP: 15/22 MP: 4/6
  1332 | D:2      | HP: 1/22 [adder (3)]
  1493 | D:2      | Learned a level 3 spell: Conjure Flame
  1584 | D:2      | Noticed Sigmund
  1764 | D:2      | Reached skill level 1 in Fighting
  2329 | D:2      | Mangled by Sigmund

Illustrated notes

Levels and vault maps discovered:
D:1:      minmay_arrival_four_loops, layout_basic
D:2:      layout_loops_ring, grunt_temple_overflow_open, serial_undead,
          serial_undead_c, serial_undead_a, serial_undead_c, serial_undead_e,
          uniq_jessica, uniq_sigmund

Skill      XL: |  1  2  3 |
---------------+----------+-----
Conjurations   | 2 |  2.1
Fighting       | 1 |  1.0
Dodging        | |  2.0
Stealth        | |  2.6
Spellcasting   | |  2.4
Fire Magic     | |  3.5

Action                   || total
-------------------------++-------
Melee: Whip              ||     3
       Constrict         ||     4
       Short sword       ||     3
Throw: Stone             ||     1
 Cast: Foxfire           ||    60
  Use: Potion            ||     1
Dodge: Dodged            ||    15

Table legend: (Time is in decaauts)
 A = Elapsed time spent in this place.
 B = Non-inter-level travel time spent in this place.
 C = Inter-level travel time spent in this place.
 D = Time resting spent in this place.
 E = Time spent auto-exploring this place.
 F = Levels seen in this place.
 G = Mean time per level.
                   A        B        C        D        E       F      G
               +--------+--------+--------+--------+--------+-----+--------+
         Total |   2331 |   2125 |    206 |    909 |    734 |   2 | 1165.5 |
       Dungeon |   2331 |   2125 |    206 |    909 |    734 |   2 | 1165.5 |
               +--------+--------+--------+--------+--------+-----+--------+

Top non-repeatable levels by time:
     D:1: 1623 daAuts
     D:2: 707 daAuts
